cohdb
Replays
Latest Replays
All Replays
Popular Replays
Top Player Replays
Match Explorer
How It Works
Community
CoH3 Stats
Reddit
Sign in to upload your games and track your stats! →
Sign in with Steam
Match 44143828
Unlisted
Match 44143828
Overview
Messages
Build Orders
End
Construct Infanterie Kompanie
Selects Italian Coastal Battlegroup
Selects Coastal Reserves
MG 42 Machine Gun Team
MG 42 Machine Gun Team
MG 42 Machine Gun Team
MG 42 Bunker
Pioneer Squad
Construct Luftwaffe Kompanie
Support Elements
MG 42 Bunker
Marder III M Tank Destroyer
MG 42 Bunker
Selects Support Bunkers
Marder III M Tank Destroyer
Selects Rapid Fortifications
Rapid Fortifications
Anti-tank Bunker
Side Skirts
Anti-tank Bunker
Wirbelwind Flakpanzer
221 Scout Car
Selects Artillery Officer
AtomaRotkohlTod
DrewP
IllusionistDaniel
CPU - Hard
CPU - Hard
CPU - Hard
0
0
Comments
sign in to comment!
No comments posted yet!